Map: [ESL] Hecate

Players

Nanami

  • Race: Protoss Protoss
  • Spawn Location: 7:00

Has - Winner!

  • Race: Protoss Protoss
  • Spawn Location: 1:00

Event: ESL SC2 Masters 2023 Winter (Regional)

VOD

Have the link to the VOD?

Description

Time

  • Played on: Oct. 27, 2023, 8:56 a.m.
  • Length: 8:05

All games in this series

Show
View Real Time Build Order
Export as new Build Order

Nanami Protoss 

Build Orders: Oracle Opening, Phoenix Opening 

Get SALT Encoding   

  12  0:00  Probe  
  13  0:12  Probe  
  14  0:17  Pylon  
  14  0:24  Probe (Chrono Boost)  
  16  0:36  Gateway  
  16  0:37  Probe (Chrono Boost)  
  16  0:42  Probe (Chrono Boost)  
  16  0:45  Assimilator  
  17  0:51  Probe  
  17  0:56  Assimilator  
  18  1:03  Probe (Chrono Boost)  
  19  1:08  Gateway  
  19  1:12  Probe (Chrono Boost)  
  19  1:17  Probe (Chrono Boost)  
  20  1:24  Cybernetics Core  
  21  1:29  Probe  
  22  1:34  Pylon  
  22  1:42  Probe  
  23  1:54  Probe  
  24  2:00  Warp Gate, Stalker x2  
  28  2:11  Pylon  
  28  2:25  Pylon  
  28  2:30  Stargate  
  28  2:40  Stalker  
  30  2:44  Stalker  
  30  2:45  Probe  
  32  3:04  Nexus  
  32  3:09  Shield Battery  
  32  3:17  Oracle (Chrono Boost)  
  32  3:24  Probe  
  35  3:32  Pylon  
  35  3:43  Probe  
  35  3:44  Phoenix (Chrono Boost)  
  38  3:52  Stalker  
  40  3:58  Stalker  
  40  4:01  Probe  
  43  4:13  Robotics Facility  
  41  4:19  Stalker  
  42  4:26  Probe x2  
  44  4:31  Stalker  
  44  4:38  Probe  
  47  4:41  Shield Battery  
  48  4:48  Stalker  
  51  4:58  Immortal (Chrono Boost)  
  49  5:06  Stalker  
  55  5:12  Stalker  
  57  5:14  Probe  
  57  5:16  Probe  
  53  5:32  Immortal (Chrono Boost)  
  58  5:35  Probe  
  58  5:39  Pylon  
  58  5:45  Probe  
  58  5:47  Probe  
  58  5:48  Stalker  
  62  5:56  Pylon  
  60  6:01  Stalker  
  62  6:07  Immortal (Chrono Boost)  
  62  6:10  Probe  
  65  6:18  Probe  
  64  6:20  Stalker  
  64  6:22  Probe  
  67  6:27  Stalker  
  67  6:30  Probe  
  67  6:32  Assimilator  
  70  6:34  Probe  
  69  6:42  Probe  
  69  6:43  Stalker  
  69  6:46  Probe  
  73  6:50  Stalker  
  77  7:04  Pylon  
  77  7:08  Immortal  
  78  7:14  Shield Battery  
  78  7:20  Pylon  
  78  7:22  Probe  
  79  7:23  Pylon  
  79  7:24  Twilight Council  
  79  7:25  Stalker  
  79  7:27  Stalker  
  79  7:29  Probe  
  84  7:34  Probe, Pylon  
  85  7:41  Probe  
  78  7:46  Probe  
  59  7:53  Probe  
Show
View Real Time Build Order
Export as new Build Order

Has Protoss - Winner!

Build Orders: Blink Stalkers 

Get SALT Encoding   

  12  0:00  Probe  
  13  0:12  Probe  
  14  0:17  Pylon  
  14  0:24  Probe (Chrono Boost)  
  16  0:36  Gateway, Probe (Chrono Boost)  
  16  0:43  Probe (Chrono Boost)  
  16  0:45  Assimilator  
  17  0:51  Probe  
  17  0:54  Assimilator  
  18  1:03  Probe (Chrono Boost)  
  19  1:07  Gateway  
  19  1:13  Probe (Chrono Boost)  
  20  1:18  Probe (Chrono Boost)  
  20  1:25  Cybernetics Core  
  21  1:30  Probe  
  22  1:37  Pylon  
  22  1:42  Probe  
  23  1:55  Probe  
  23  2:01  Warp Gate, Stalker x2  
  28  2:09  Pylon  
  28  2:11  Probe  
  29  2:30  Pylon  
  29  2:34  Stalker  
  29  2:35  Stalker  
  32  2:38  Twilight Council  
  32  2:49  Pylon  
  32  3:19  Nexus  
  32  3:24  Stalker  
  32  3:26  Stalker  
  36  3:29  Blink (Chrono Boost)  
  35  3:47  Gateway  
  34  3:55  Pylon  
  34  4:02  Stalker  
  36  4:12  Stalker  
  36  4:13  Probe  
  39  4:20  Shield Battery  
  39  4:25  Probe  
  41  4:40  Stalker x2  
  44  4:48  Gateway  
  44  4:49  Probe  
  44  4:51  Probe  
  46  4:57  Stalker  
  48  5:03  Stalker  
  50  5:08  Charge  
  50  5:10  Probe  
  50  5:12  Probe  
  52  5:17  Stalker  
  54  5:22  Probe  
  54  5:24  Probe  
  54  5:35  Stalker x2  
  58  5:36  Probe  
  58  5:40  Robotics Facility  
  59  5:44  Stalker  
  59  5:46  Probe  
  62  5:50  Pylon  
  62  5:53  Probe  
  63  5:59  Probe  
  64  6:04  Stalker x2  
  64  6:07  Probe  
  64  6:10  Pylon  
  64  6:11  Probe  
  70  6:23  Gateway  
  70  6:24  Gateway  
  70  6:25  Gateway  
  70  6:28  Observer (Chrono Boost)  
  70  6:30  Gateway, Probe  
  72  6:40  Zealot x3  
  72  6:42  Zealot  
  72  6:46  Pylon  
  80  6:50  Warp Prism (Chrono Boost)  
  80  6:53  Observer  
  82  6:59  Observer  
  82  7:02  Pylon  
  82  7:06  Zealot x3  
  82  7:08  Zealot  
  90  7:17  Pylon  
  90  7:29  Zealot x6  
  90  7:46  Zealot x2  
  90  7:49  Zealot x4  
  90  7:50  Zealot  
Tags
 
Add a new tag
Caveats
  • Supply blocks, unpowered buildings, or Contaminate may cause inaccurate times.
  • Supply counts are checked every 10 seconds.